 Dungeon Crawl Stone Soup version 0.31-a0-233-g139696dc86 (webtiles) character file.

Game seed: 4792244050362294326

139 qw the Shooter (level 5, -2/42 HPs)
             Began as a Minotaur Hexslinger on July 8, 2023.
             Slain by an ice beast (8 damage)
             ... on level 4 of the Dungeon.
             The game lasted 00:00:56 (2960 turns).

qw the Shooter (Minotaur Hexslinger)                Turns: 2960, Time: 00:00:57

Health: -2/42      AC:  5    Str: 13    XL:     5   Next: 1%
Magic:  5/5        EV: 11    Int: 10    God:
Gold:   138        SH:  0    Dex: 14    Spells: 5/6 levels left

rFire   . . .        Y - +1 sling
rCold   . . .        (no shield)
rNeg    . . .        h - +0 ring mail
rPois   .            (helmet restricted)
rElec   .            (no cloak)
rCorr   .            (no gloves)
SInv    .            (no boots)
Will    .....        (no amulet)
Stlth   +            (no ring)
HPRegen 0.27/turn    (no ring)
MPRegen 0.09/turn

%: no passive effects
@: no status effects
A: horns 2, retaliatory headbutt
a: no special abilities


You were on level 4 of the Dungeon.
You visited 1 branch of the dungeon, and saw 4 of its levels.
You also visited: Sewer.

You collected 138 gold pieces.


Innate Abilities, Weirdness & Mutations

You have a pair of horns on your head.
You reflexively headbutt those who attack you in melee.


   Skills:
 + Level 2.6 Fighting
 - Level 5.0 Ranged Weapons
 - Level 1.3 Armour
 - Level 2.1 Dodging
 - Level 1.0 Spellcasting
 - Level 2.0 Hexes


You had 5 spell levels left.
You knew the following spells:

 Your Spells              Type           Power      Damage    Failure   Level
a - Slow                  Hex            16%        N/A       32%         1

Your spell library contained the following spells:

 Spells                   Type           Power      Damage    Failure   Level
 Inner Flame              Hex/Fire       2%         N/A       82%         3
 Portal Projectile        Hex/Tloc       4%         N/A       82%         3
 Cause Fear               Hex            2%         N/A       97%         4

Inventory:

Hand Weapons
 Y - a +1 sling (weapon)
Armour
 h - a +0 ring mail (worn)
Scrolls
 b - 2 scrolls of identify
 d - 2 scrolls of vulnerability {unknown}
 e - a scroll of brand weapon {unknown}
Potions
 a - a potion of curing
 c - a potion of might

Dungeon Overview and Level Annotations

Branches:
Dungeon (4/15)              Sewer (visited)
 Temple: D:4-7

Altars:
Qazlal

Annotations:
D:4 2 runed translucent doors


Message History

A ball python comes into view.
You see here 15 gold pieces.
Enter note:
Enter note: You shoot a sling bullet.
The sling bullet hits the ball python.
You kill the ball python!
You now have 138 gold pieces (gained 15).
An ice beast and an iguana come into view.
Found a potion of curing.
The iguana hisses angrily.
Enter note:
Enter note: You shoot a sling bullet.
The sling bullet hits the ice beast but does no damage.
You shoot a sling bullet.
The sling bullet hits the ice beast but does no damage.
A jelly comes into view.
You shoot a sling bullet. The jelly quivers.
The sling bullet hits the ice beast but does no damage.
You shoot a sling bullet.
The sling bullet closely misses the ice beast.
You shoot a sling bullet. The sling bullet hits the ice beast.
The ice beast is lightly wounded.
The ice beast hits you but does no damage.
You shoot a sling bullet.
The sling bullet hits the ice beast but does no damage.
The ice beast is lightly wounded.
The ice beast hits you but does no damage.
The iguana bites you.
You shoot a sling bullet.
The sling bullet hits the ice beast but does no damage.
The ice beast is lightly wounded.
The ice beast hits you. The ice beast freezes you. The iguana bites you!
The ice beast hits you. The ice beast freezes you. The iguana bites you.
You shoot a sling bullet.
The sling bullet hits the ice beast but does no damage.
The ice beast is lightly wounded.
The ice beast hits you. The ice beast freezes you!
You die...

##.#.#.#...#.#####.#
~~~#...#.(.#.# .#
..~#...#...#.# .#
.#~+(........# .
...+.........#
~}.#.........#
#..#.........#
~####.......#
#..@J.....#
#.!..#Yl..>.....
#..## ##.....#### ..
......# ##..#..#
#.....# #.....#
.!....


You could see an ice beast, an iguana and a jelly.

Vanquished Creatures
  Terence (D:2)
  4 adders
  2 river rats (D:3)
  A worm (D:2)
  2 bats
  4 endoplasms (D:2)
  2 giant cockroaches
  4 goblins
  7 hobgoblins
  2 jackals (D:1)
  3 quokkas
  12 ball pythons
  3 frilled lizards
  3 kobolds
  7 rats
57 creatures vanquished.

Notes
Turn   | Place    | Note
-------+----------+-------------------------------------------
     0 | D:1      | qw the Minotaur Hexslinger began the quest for the Orb.
     0 | D:1      | Reached XP level 1. HP: 16/16 MP: 1/1
     0 | D:1      | 0 ||| qw: Version: 0.3-a-46-gb1f654a
     0 | D:1      | 0 ||| qw: Game counter: 3561
     0 | D:1      | 0 ||| qw: Melee chars always use a shield: true
     0 | D:1      | 0 ||| qw: God list: Okawaru
     0 | D:1      | 0 ||| qw: Allow faded altars: false
     0 | D:1      | 0 ||| qw: Do Orc after clearing Dungeon:15 true
     0 | D:1      | 0 ||| qw: Do second Lair branch before Depths: true
     0 | D:1      | 0 ||| qw: Lair rune preference: random
     0 | D:1      | 0 ||| qw: Goals: Normal
     0 | D:1      | 0 ||| PLANNING D:1-11
   107 | D:1      | Reached skill level 3 in Ranged Weapons
   162 | D:1      | Reached XP level 2. HP: 23/23 MP: 2/2
   325 | D:1      | 325 ||| FLEEEEING.
   326 | D:1      | 326 ||| FLEEEEING.
   328 | D:1      | 328 ||| FLEEEEING.
   330 | D:1      | 330 ||| FLEEEEING.
   335 | D:1      | 335 ||| FLEEEEING.
   566 | D:1      | 566 ||| DROPPING scarf of invisibility.
   567 | D:1      | 567 ||| READING scroll labelled HEMUTSUUPO.
   568 | D:1      | 568 ||| READING scroll labelled CIETWANONG.
   569 | D:1      | 569 ||| READING scroll labelled MARUANETEX.
   570 | D:1      | 570 ||| DRINKING 2 pink potions.
   571 | D:1      | 571 ||| DROPPING scroll of poison.
   572 | D:1      | 572 ||| DROPPING potion of attraction.
   716 | D:2      | Reached XP level 3. HP: 29/29 MP: 3/3
   983 | D:2      | Found a stormy altar of Qazlal.
  1297 | D:2      | Reached skill level 4 in Ranged Weapons
  1392 | D:2      | Noticed Terence
  1400 | D:2      | Killed Terence
  1401 | D:2      | Reached XP level 4. HP: 31/36 MP: 4/4
  1762 | D:2      | 1762 ||| UPGRADING to +0 leather armour.
  1772 | D:2      | 1772 ||| DROPPING +0 robe.
  1773 | D:2      | 1773 ||| UPGRADING to +0 ring mail.
  1783 | D:2      | 1783 ||| DROPPING +0 leather armour.
  1784 | D:2      | 1784 ||| READING scroll labelled MUCKERH UGRA.
  1789 | D:2      | 1789 ||| DRINKING 2 orange potions.
  1790 | D:2      | 1790 ||| READING 3 scrolls of identify.
  1790 | D:2      | 1790 ||| IDENTIFYING metallic silvery potion
  1791 | D:2      | 1791 ||| READING 2 scrolls of identify.
  1791 | D:2      | 1791 ||| IDENTIFYING coppery potion
  1792 | D:2      | 1792 ||| DROPPING potion of lignification.
  1793 | D:2      | 1793 ||| DROPPING potion of brilliance.
  1794 | D:2      | 1794 ||| DROPPING potion of invisibility.
  1878 | D:3      | 1878 ||| PLANNING SEWER
  2211 | D:3      | Reached skill level 1 in Armour
  2260 | D:3      | Found a glowing drain.
  2261 | D:3      | 2261 ||| Stepping ~*~*~tactically~*~*~ (water).
  2267 | D:3      | HP: 6/36 [river rat (7)]
  2268 | D:3      | 2268 ||| READING scroll of teleportation.
  2388 | D:3      | 2388 ||| READING scroll labelled ZAEBBE SOREYN.
  2389 | D:3      | 2389 ||| READING 3 scrolls of identify.
  2389 | D:3      | 2389 ||| IDENTIFYING brown potion
  2418 | Sewer    | Entered a sewer
  2440 | Sewer    | Reached skill level 5 in Ranged Weapons
  2479 | Sewer    | 2479 ||| READING 2 scrolls of identify.
  2479 | Sewer    | 2479 ||| IDENTIFYING bubbling yellow potion
  2496 | D:3      | 2496 ||| PLANNING D:1-11
  2681 | D:4      | 2681 ||| STAIRDANCE
  2690 | D:3      | HP: 9/37 [poisoned by an adder]
  2929 | D:4      | Found a large runed translucent door.
  2933 | D:4      | Reached XP level 5. HP: 42/42 MP: 5/5
  2946 | D:4      | Found a large runed translucent door.
  2952 | D:4      | Noticed an ice beast
  2959 | D:4      | HP: 7/42 [iguana (4)]
  2960 | D:4      | Slain by an ice beast

Levels and vault maps discovered:
D:1:      giann_forest_graveyard, layout_basic, fountainhead,
          serial_bayou_crossing
D:2:      layout_basic, basic_altar, hangedman_decor_points,
          minmay_misc_feat_tower, hangedman_abyss_or_decor_lesser_grid,
          uniq_terence
D:3:      layout_rooms, portal_sewer_entry_e
D:4:      layout_loops_cross, ebering_ghost_disaster_area

Skill      XL: |  1  2  3  4 |
---------------+-------------+-----
Ranged Weapons | 3 4 5 |  5.0
Fighting       | 2 |  2.6
Armour         | 1 |  1.3
Dodging        | |  2.1
Spellcasting   | |  1.0
Hexes          | |  2.0

Action                     |  1- 3 |  4- 6 || total
---------------------------+-------+-------++-------
   Fire: Sling             |   105 |    74 ||   179
    Use: Scroll            |     3 |     7 ||    10
         Potion            |     1 |     1 ||     2
 Armour: Robe              |     7 |       ||     7
         Ring mail         |       |    21 ||    21
  Dodge: Dodged            |    41 |    30 ||    71

Table legend:
 A = Non-vault XP
 B = Vault XP
 C = Vault XP percentage of total XP
 D = Non-vault monster count
 E = Vault monster count
 F = Vault count percentage of total count
                 A         B        C        D         E       F
            +---------+---------+-------+---------+---------+-------
      Total |     104 |      95 |  47.7 |      47 |      10 |  17.5
            +---------+---------+-------+---------+---------+-------
        D:1 |      34 |       0 |   0.0 |      19 |       0 |   0.0
        D:2 |      33 |      36 |  52.2 |      19 |       1 |   5.0
        D:3 |      21 |      45 |  68.2 |       6 |       8 |  57.1
        D:4 |      16 |       0 |   0.0 |       3 |       0 |   0.0
      Sewer |       0 |      14 | 100.0 |       0 |       1 | 100.0
            +---------+---------+-------+---------+---------+-------
